 Dungeon Crawl Stone Soup version 0.27-a0-1191-g601b473118 (webtiles) character file.

Game seed: 2599381408619490297

257 robertstho the Magician (level 6, 0/43 HPs)
             Began as a Djinni Fire Elementalist on May 24, 2021.
             Slain by an ogre
             ... wielding a +0 giant club
              (13 damage)
             ... on level 4 of the Dungeon.
             The game lasted 00:04:34 (4821 turns).

robertstho the Magician (Djinni Fire Elementalist)  Turns: 4821, Time: 00:04:35

Health: 0/43       AC:  3    Str:  7    XL:     6   Next: 39%
Gold:   135        EV: 12    Int: 19    God:
                   SH:  0    Dex: 13

rFire    + + .     SeeInvis .   l - +5 dagger (freeze)
rCold    x . .     Faith    .   (no shield)
rNeg     . . .     Spirit   .   a - +0 robe
rPois    ∞         Reflect  .   (no helmet)
rElec    .         Harm     .   (no cloak)
rCorr    .         Rampage  .   r - +0 pair of gloves
Will     .....                  (boots unavailable)
Stlth    ++........             (no amulet)
HPRegen  0.14/turn              (no ring)
MPRegen  0.00/turn              (no ring)

@: flying
A: sickness immunity, fire resistance 2, cold vulnerability 1, float, innate
caster, hp casting, extra vitality 1
a: no special abilities


You were on level 4 of the Dungeon.
You visited 1 branch of the dungeon, and saw 4 of its levels.

You collected 135 gold pieces.

Inventory:

Hand Weapons
 b - a +0 hand axe
 f - a +3 vampiric dagger
 l - a +5 dagger of freezing (weapon)
Missiles
 g - 2 silver javelins
 q - 2 curare-tipped darts
Armour
 a - a +0 robe (worn)
 r - a +0 pair of gloves (worn)
Wands
 m - a wand of flame (13)
Scrolls
 c - a scroll of enchant armour {unknown}
 d - 3 scrolls of teleportation {unknown}
 j - a scroll of silence {unknown}
 n - 3 scrolls of identify {unknown}
 p - a scroll of enchant weapon {unknown}
Potions
 e - a potion of ambrosia {unknown}
 h - a potion of resistance {unknown}
 i - 2 potions of invisibility {unknown}
 k - 2 potions of mutation {unknown}
 o - 2 potions of degeneration {unknown}
 s - a potion of berserk rage {unknown}


   Skills:
 * Level 2.0 Fighting
 + Level 2.5 Dodging
 + Level 1.9 Stealth
 * Level 4.6 Spellcasting


You couldn't memorise any spells.
You knew the following spells:

 Your Spells              Type           Power      Damage    Failure   Level
a - Foxfire               Conj/Fire      88%        2x1d8     1%          1
b - Conjure Flame         Conj/Fire      22%        6-21      6%          3
c - Inner Flame           Hex/Fire       22%        N/A       6%          3
d - Sticky Flame          Conj/Fire      22%        2d4       19%         4
e - Fireball              Conj/Fire      11%        3d7       47%         5
f - Animate Skeleton      Necr           44%        N/A       1%          1
g - Blink                 Tloc           N/A        N/A       3%          2
Your spell library was empty.

Dungeon Overview and Level Annotations

Branches:
Dungeon (4/15)
 Temple: D:4-7

Altars:

Annotations:
D:2 1 runed translucent door, Crazy Yiuf


Innate Abilities, Weirdness & Mutations

You are immune to sickness and miasma.
You are immune to poison.
Your flesh is very heat resistant. (rF++)
You are vulnerable to cold. (rC-)
You float through the air rather than walking.
You learn spells naturally, not from books.
Your magical power is your life essence.
You have superior vitality. (+4 HP)


Message History

Press: ? - help, Q - select action, (/) - cycle Dir - look around, f - activate You miscast Foxfire.
You are very lightly contaminated with residual magic.
Nothing appears to happen.
Your foxfire dissipates!
Casting: Foxfire (safe; 1% risk of failure)
Press: ? - help, Q - select action, (/) - cycle Dir - look around, f - activate You conjure some foxfire!
Your foxfire dissipates!
Your foxfire dissipates!
Your magical contamination has completely faded away.
n - 3 scrolls labelled ANACZE SIFEI (gained 1)
An ogre comes into view. It is wielding a +0 giant club.
An ogre is nearby!
An ogre is nearby!
An ogre is nearby!
An ogre is nearby!
Casting: Foxfire (safe; 1% risk of failure)
Press: ? - help, Q - select action, (/) - cycle Dir - look around, f - activate You conjure some foxfire!
The ogre shouts!
A giant cockroach comes into view.
The giant cockroach moves out of view.
Casting: Foxfire (safe; 1% risk of failure)
Press: ? - help, Q - select action, (/) - cycle Dir - look around, f - activate You conjure some foxfire!
The foxfire hits the ogre but does no damage.
The foxfire hits the ogre.
The ogre is lightly wounded.
The ogre hits you with a +0 giant club!!
Ouch! That really hurt!
Casting: Foxfire (safe; 1% risk of failure)
Press: ? - help, Q - select action, (/) - cycle Dir - look around, f - activate You conjure some foxfire!
* * * LOW HITPOINT WARNING * * *
The foxfire hits the giant cockroach but does no damage.
The foxfire hits the ogre.
The ogre is lightly wounded.
The ogre hits you with a +0 giant club!
You die...

............#..........
###.#.#.###.#..........
.. #.......#..........
########.#####....§.....
........................
......##########.#
................B#
......#####.....O#
....### #.....@#
....#######......#
....##...........#
....##.#.........#
######.#.........+ ..#
#.#.........#
..####.#.........#
.......#.........#
....(..#.....#####


You could see an ogre and a giant cockroach.

Vanquished Creatures
  A necrophage (D:3)
  An orc wizard (D:3)
  7 adders
  2 worms
  A dart slug (D:1)
  7 orcs (D:3)
  4 endoplasms
  A giant cockroach (D:1)
  6 goblins
  11 hobgoblins
  5 kobolds
  3 quokkas
  3 ball pythons
  3 bats
  2 frilled lizards
  7 rats
64 creatures vanquished.

Vanquished Creatures (others)
  312 foxfires
  A fungus (D:2)
313 creatures vanquished.

Grand Total: 377 creatures vanquished

Notes
Turn   | Place    | Note
-------+----------+-------------------------------------------
     0 | D:1      | robertstho the Djinni Fire Elementalist began the quest for
                  | the Orb.
     0 | D:1      | Reached XP level 1. HP: 15/15 MP: 0/0
   312 | D:1      | Reached XP level 2. HP: 14/22 MP: 0/0
  1126 | D:1      | Reached skill level 3 in Spellcasting
  1126 | D:1      | Reached XP level 3. HP: 23/26 MP: 0/0
  1126 | D:1      | Learned a level 1 spell: Animate Skeleton
  1768 | D:3      | Reached XP level 4. HP: 21/31 MP: 0/0
  1771 | D:3      | Reached skill level 1 in Fighting
  2281 | D:2      | Reached XP level 5. HP: 34/37 MP: 0/0
  2281 | D:2      | Learned a level 2 spell: Blink
  2528 | D:2      | Found a faded altar of an unknown god.
  2615 | D:2      | Reached skill level 4 in Spellcasting
  3318 | D:2      | Found a runed translucent door.
  3319 | D:2      | Noticed Crazy Yiuf
  3782 | D:3      | Noticed a necrophage
  3792 | D:3      | Killed a necrophage
  3793 | D:3      | Reached XP level 6. HP: 28/43 MP: 0/0
  4813 | D:4      | Noticed an ogre
  4821 | D:4      | Slain by an ogre

Illustrated notes

Levels and vault maps discovered:
D:1:      dpeg_arrival_boxorama, layout_basic, hangedman_abyss_or_decor_stabs
D:2:      minmay_angry_zag, layout_rooms, hellmonk_ecumenical_altar_zigzags,
          roderic_roman_lattice, lemuel_another_geyser, uniq_crazy_yiuf_cottage
D:3:      layout_basic
D:4:      layout_basic

Skill      XL: |  1  2  3  4  5  6 |
---------------+-------------------+-----
Spellcasting   | 3 4 |  4.6
Fighting       | 1 2 |  2.0
Dodging        | |  2.5
Stealth        | |  1.9

Action                   |  1- 3 |  4- 6 || total
-------------------------+-------+-------++-------
Melee: Dagger            |     1 |     5 ||     6
 Cast: Foxfire           |    73 |   123 ||   196
Armor: Robe              |     2 |     4 ||     6
Dodge: Dodged            |     8 |    11 ||    19

Table legend: (Time is in decaauts)
 A = Elapsed time spent in this place.
 B = Non-inter-level travel time spent in this place.
 C = Inter-level travel time spent in this place.
 D = Time resting spent in this place.
 E = Time spent auto-exploring this place.
 F = Levels seen in this place.
 G = Mean time per level.
                   A        B        C        D        E       F      G
               +--------+--------+--------+--------+--------+-----+--------+
         Total |   4821 |   4488 |    333 |    159 |   3870 |   4 | 1205.2 |
       Dungeon |   4821 |   4488 |    333 |    159 |   3870 |   4 | 1205.2 |
               +--------+--------+--------+--------+--------+-----+--------+

Top non-repeatable levels by time:
     D:3: 2031 daAuts
     D:1: 1392 daAuts
     D:2: 1271 daAuts
     D:4: 126 daAuts
